 Dungeon Crawl Stone Soup version 0.18.1-8-gdd0e5ea (webtiles) character file.

1586 urechis the Martial Artist (level 8, -4/42 HPs)
             Began as a Vine Stalker Monk on May 29, 2016.
             Slain by ThereIsNoGod's ghost (9 damage)
             ... on level 5 of the Dungeon.
             The game lasted 00:12:41 (5091 turns).

urechis the Martial Artist (Vine Stalker Monk)      Turns: 5091, Time: 00:12:42

Health: -4/42      AC:  7    Str: 18    XL:     8   Next: 92%
Magic:  0/9        EV: 16    Int: 10    God:
Gold:   300        SH:  0    Dex: 20    Spells: 0 memorised, 7 levels left

rFire  . . .     SeeInvis .       - Unarmed
rCold  . . .     Gourm    .     a - +0 robe
rNeg   . . .     Faith    .     (no shield)
rPois  .         Spirit   +     c - +2 helmet
rElec  .         Dismiss  .     z - +0 cloak
rCorr  +         Reflect  .     (no gloves)
SustAt +         Harm     +     o - +0 pair of boots
MR     +....                    y - amulet of harm
Stlth  ++........               p - ring of sustain attributes
                                i - ring of resist corrosion

@: mighty, somewhat resistant to hostile enchantments, unstealthy
A: fangs 3, regeneration 2, magic shield, antimagic bite, no device heal 3, rot
immunity
a: no special abilities


You were on level 5 of the Dungeon.
You were near starving.

You visited 1 branch of the dungeon, and saw 6 of its levels.

You collected 300 gold pieces.

Inventory:

Armour
 a - a +0 robe (worn)
 c - a +2 helmet (worn)
 o - a +0 pair of boots (worn)
 z - a +0 cloak (worn)
Jewellery
 i - a ring of resist corrosion (left hand)
 p - a ring of sustain attributes (right hand)
 y - an amulet of harm (around neck)
Wands
 A - a wand of lightning (2/15)
Scrolls
 d - a scroll of blinking {unknown}
 f - 4 scrolls of identify {unknown}
 k - 2 scrolls of magic mapping {unknown}
 l - 2 scrolls of remove curse {unknown}
 q - a scroll of fog {unknown}
 r - a scroll of fear {unknown}
 v - a scroll of enchant weapon {unknown}
 C - a scroll of noise {unknown}
Potions
 e - 2 potions of agility {unknown}
 g - 5 potions of curing
 n - a potion of invisibility {unknown}
 u - a potion of cancellation
Comestibles
 b - 4 bread rations
 m - 3 beef jerkies
 s - a meat ration
 t - a royal jelly
 x - a slice of pizza
 B - a fruit


   Skills:
 + Level 4.0 Fighting
 * Level 4.8 Dodging
 - Level 2.4 Stealth
 - Level 10.0 Unarmed Combat


You had 7 spell levels left.
You didn't know any spells.

Dungeon Overview and Level Annotations

Branches:
Dungeon (6/15)
 Temple: D:4-7

Altars:
Ashenzari
Cheibriados
Fedhas
Gozag
Kikubaaqudgha
Makhleb
Nemelex Xobeh
Qazlal
The Shining One

Annotations:
D:5 ThereIsNoGod's ghost, novice GrFi


Innate Abilities, Weirdness & Mutations

You have razor-sharp teeth.
You heal very quickly.
When hurt, damage is shared between your health and your magic reserves.
Your bite disrupts and absorbs the magic of your enemies.
Potions and wands cannot restore your health.
You are immune to rotting.


Message History

* * * LOW HITPOINT WARNING * * *
ThereIsNoGod's ghost says, "I was once a great warrior, and I still am!"
ThereIsNoGod's ghost boasts, "I have defeated monsters you have never seen."
You barely miss ThereIsNoGod's ghost. You bite ThereIsNoGod's ghost!
You drain its power.
You feel invigorated.
ThereIsNoGod's ghost is heavily damaged.
You punch ThereIsNoGod's ghost! Your bite misses ThereIsNoGod's ghost.
ThereIsNoGod's ghost is severely damaged.
You are near starving!
ThereIsNoGod's ghost misses you.
You closely miss ThereIsNoGod's ghost. Your bite misses ThereIsNoGod's ghost.
ThereIsNoGod's ghost is severely damaged.
ThereIsNoGod's ghost hits you!
* * * LOW HITPOINT WARNING * * *
ThereIsNoGod's ghost freezes you.
You hit ThereIsNoGod's ghost but do no damage.
You bite ThereIsNoGod's ghost, but do no damage.
ThereIsNoGod's ghost is severely damaged.
ThereIsNoGod's ghost hits you!
You die...

##.[.#...##.'........#...#
###........#........#...#
########.#..#........#...#
........>#..#........#...########
.........##.#†.......#.>.#......#
............#........'..#.......[
.......<..#.#........#...........
..........#.##########...........
#.#...##........@W.....#.........
..#....#..###....###(............
.###.#.[..###........#.#.........
.....................#.#........)
#####..#............##.##........
#..#.##.........##^#.........
##.....#..##.#.####.#.........
####..#.#.........####.#.........
.....##.##.#..###...##...........


You could see ThereIsNoGod's ghost.

Vanquished Creatures
  4 yaks
  Menkaure (D:5)
  2 ogres (D:4)
  An ice beast (D:5)
  A phantom (D:4)
  An orc priest (D:5)
  A centaur zombie (D:5)
  Crazy Yiuf (D:4)
  A gnoll shaman (D:3)
  An orc wizard (D:4)
  An iguana (D:4)
  Natasha (thrice) (D:2)
  2 worker ants
  A hound skeleton (D:5)
  A mummy (D:5)
  10 adders
  5 gnolls (D:4)
  2 adder skeletons (D:5)
  2 worms
  3 dart slugs
  A giant gecko (D:3)
  9 orcs
  A ball python (D:3)
  8 giant cockroaches
  7 hobgoblins
  3 jackals (D:1)
  3 quokkas
  A ball python skeleton (D:5)
  9 bats
  4 giant newts
  7 goblins
  A jackal skeleton (D:3)
  7 kobolds
  8 rats
113 creatures vanquished.

Notes
Turn   | Place    | Note
--------------------------------------------------------------
     0 | D:1      | urechis the Vine Stalker Monk began the quest for the Orb.
     0 | D:1      | Reached XP level 1. HP: 11/11 MP: 2/2
     2 | D:1      | Noticed a naga
     4 | D:1      | Noticed a spriggan
     4 | D:1      | Noticed a human
     6 | D:1      | Noticed a minotaur
     6 | D:1      | Noticed a troll
     8 | D:1      | Noticed a gargoyle
     8 | D:1      | Noticed a draconian
    10 | D:1      | Noticed a dwarf
    10 | D:1      | Noticed a felid
    12 | D:1      | Noticed an ogre
    12 | D:1      | Noticed a demigod
    14 | D:1      | Noticed a vine stalker
    14 | D:1      | Noticed an elf
    16 | D:1      | Noticed a centaur
    16 | D:1      | Noticed a merfolk
    18 | D:1      | Noticed a ghoul
    18 | D:1      | Noticed a demonspawn
    22 | D:1      | Noticed a halfling
    22 | D:1      | Noticed an octopode
    24 | D:1      | Noticed a tengu
    26 | D:1      | Noticed a formicid
    26 | D:1      | Noticed a vampire
    67 | D:1      | Reached XP level 2. HP: 11/16 MP: 3/3
   331 | D:1      | Reached XP level 3. HP: 19/19 MP: 4/4
   771 | D:2      | Reached skill level 5 in Unarmed Combat
   982 | D:2      | Found a shattered altar of Ashenzari.
   990 | D:2      | Reached XP level 4. HP: 7/23 MP: 1/5
  1081 | D:2      | Noticed Natasha
  1093 | D:2      | Killed Natasha
  1202 | D:2      | Found an opulent altar of Gozag.
  1202 | D:2      | Found a sparkling altar of Nemelex Xobeh.
  1454 | D:2      | Found an opulent altar of Gozag.
  1455 | D:2      | Found a sparkling altar of Nemelex Xobeh.
  1591 | D:2      | Found a shattered altar of Ashenzari.
  1657 | D:2      | Noticed Natasha
  1661 | D:2      | Killed Natasha
  1661 | D:2      | Reached skill level 6 in Unarmed Combat
  1709 | D:2      | Noticed Natasha
  1735 | D:2      | Killed Natasha
  1735 | D:2      | Reached XP level 5. HP: 26/27 MP: 6/6
  1847 | D:3      | Found a snail-covered altar of Cheibriados.
  1869 | D:3      | Found a glowing golden altar of the Shining One.
  2477 | D:3      | Reached skill level 7 in Unarmed Combat
  2646 | D:3      | Gained mutation: You heal very quickly. [Vine Stalker growth]
  2646 | D:3      | Reached XP level 6. HP: 32/32 MP: 7/7
  2846 | D:4      | Noticed a yak
  2848 | D:4      | Noticed a yak
  2849 | D:4      | Noticed a yak
  2851 | D:4      | Noticed a yak
  3102 | D:3      | Killed a yak
  3102 | D:3      | Reached skill level 8 in Unarmed Combat
  3102 | D:3      | Reached XP level 7. HP: 6/35 MP: 4/8
  3211 | D:3      | Killed a yak
  3211 | D:3      | Reached skill level 9 in Unarmed Combat
  3276 | D:3      | Killed a yak
  3315 | D:4      | Killed a yak
  3315 | D:4      | Reached skill level 10 in Unarmed Combat
  3315 | D:4      | Gained mutation: You have razor-sharp teeth. [Vine Stalker growth]
  3315 | D:4      | Reached XP level 8. HP: 20/39 MP: 4/9
  3652 | D:4      | Found a blossoming altar of Fedhas.
  3653 | D:4      | Found an ancient bone altar of Kikubaaqudgha.
  3756 | D:4      | Noticed Crazy Yiuf
  3761 | D:4      | Killed Crazy Yiuf
  3940 | D:5      | Entered Level 5 of the Dungeon
  3998 | D:5      | Found a burning altar of Makhleb.
  4036 | D:5      | Found a stormy altar of Qazlal.
  4212 | D:5      | Noticed Menkaure
  4220 | D:5      | Killed Menkaure
  4270 | D:5      | Noticed ThereIsNoGod's ghost (novice GrFi)
  4554 | D:5      | Found a snail-covered altar of Cheibriados.
  4631 | D:5      | Found a glowing golden altar of the Shining One.
  5075 | D:5      | HP: 2/42 [ThereIsNoGod's ghost (5)]
  5091 | D:5      | Slain by ThereIsNoGod's ghost

Skill      XL: |  1  2  3  4  5  6  7  8 |
---------------+-------------------------+-----
Unarmed Combat | 5 6 7 8 10 | 10.0
Fighting       | 4 |  4.0
Dodging        | 4 |  4.8
Stealth        | |  2.4

Action                   |  1- 3 |  4- 6 |  7- 9 || total
-------------------------+-------+-------+-------++-------
Melee: Unarmed           |   100 |   131 |   167 ||   398
       Bite              |    21 |    29 |    69 ||   119
       Punch             |     2 |     3 |    12 ||    17
  Use: Potion            |       |       |     5 ||     5
 Stab: Sleeping          |     4 |    10 |     3 ||    17
       Distracted        |       |       |     1 ||     1
  Eat: Chunk             |       |     7 |     4 ||    11
       Fruit             |       |       |     1 ||     1
Armor: Robe              |    27 |    24 |    24 ||    75
Dodge: Dodged            |    62 |    71 |    77 ||   210
